 Dungeon Crawl Stone Soup version 0.27-a0-1149-g4505690ab0 (webtiles) character file.

Game seed: 7631185514999602230

38 benadryl the Ruffian (level 3, -3/36 HPs)
             Began as a Troll Fighter on May 12, 2021.
             Slain by Sigmund
             ... wielding a +0 scythe
              (10 damage)
             ... on level 2 of the Dungeon.
             The game lasted 00:01:06 (1451 turns).

benadryl the Ruffian (Troll Fighter)                Turns: 1451, Time: 00:01:06

Health: -3/36      AC:  4    Str: 25    XL:     3   Next: 25%
Magic:  2/2        EV:  7    Int:  4    God:
Gold:   69         SH:  8    Dex:  9    Spells: 2/2 levels left

rFire    . . .     SeeInvis .     - Unarmed
rCold    . . .     Faith    .   b - +0 kite shield
rNeg     . . .     Spirit   .   a - +0 robe
rPois    .         Reflect  .   (helmet restricted)
rElec    .         Harm     .   (no cloak)
rCorr    .         Rampage  .   (gloves unavailable)
Will     .....                  (boots unavailable)
Stlth    +.........             (no amulet)
HPRegen  1.12/turn              (no ring)
MPRegen  0.08/turn              (no ring)

@: mighty
A: large, unfitting armour, claws 3, regeneration 1, shaggy fur 1, tough skin 1
a: no special abilities


You were on level 2 of the Dungeon.
You visited 1 branch of the dungeon, and saw 2 of its levels.

You collected 69 gold pieces.

Inventory:

Missiles
 h - 4 javelins (quivered)
Armour
 a - a +0 robe (worn)
 b - a +0 kite shield (worn)
Scrolls
 e - a scroll of amnesia {unknown}
 g - a scroll of identify {unknown}
 k - a scroll of immolation {unknown}
Potions
 d - a potion of lignification {unknown}
 f - a potion of cancellation {unknown}
 i - a potion of curing {unknown}
 j - a potion of resistance {unknown}


   Skills:
 + Level 2.7 Fighting
 + Level 0.4 Throwing
 + Level 1.0 Armour
 - Level 2.4 Dodging
 - Level 2.4 Shields
 * Level 2.9 Unarmed Combat


You had 2 spell levels left.
You didn't know any spells.
Your spell library contained the following spells:

 Spells                   Type           Power      Damage    Failure   Level
 Beastly Appendage        Tmut           0%         N/A       93%         1
 Wereblood                Tmut           0%         N/A       98%         2
 Spider Form              Tmut/Pois      0%         N/A       100%        3
 Ice Form                 Ice/Tmut       0%         N/A       100%        4
 Hydra Form               Tmut           0%         N/A       100%        5


Dungeon Overview and Level Annotations

Branches:
Dungeon (2/15)

Altars:

Annotations:
D:2 Sigmund


Innate Abilities, Weirdness & Mutations

You are too large for most types of armour.
You have claws for hands.
Your natural rate of healing is unusually fast.
You are covered in fur. (AC +1)
You have tough skin. (AC +1)


Message History

You throw a javelin. The javelin pierces through Sigmund.
Sigmund is lightly wounded.
Sigmund zaps a wand.
You block the puff of flame.
Throw: 7 javelins
Press: ? - help, Q - select action Shift-Dir - straight line, f/p - Sigmund
Aim: Sigmund, wielding a +0 scythe, wearing a +0 robe and carrying a wand of flame (17) (lightly wounded, 50% to hit)
You throw a javelin. The javelin barely misses Sigmund.
Sigmund screams, "Don't try to resist!"
Throw: 6 javelins
Press: ? - help, Q - select action Shift-Dir - straight line, f/p - Sigmund
Aim: Sigmund, wielding a +0 scythe, wearing a +0 robe and carrying a wand of flame (17) (lightly wounded, 50% to hit)
You throw a javelin. The javelin barely misses Sigmund.
Sigmund casts a spell at himself.
Sigmund flickers and vanishes!
Deactivating autopickup; reactivate with Ctrl-A.
Throw: 5 javelins
Press: ? - help, Q - select action Shift-Dir - straight line, f - you Really target yourself?
Okay, then.
Throw: 5 javelins
Press: ? - help, Q - select action Shift-Dir - straight line You throw a javelin.
You hear some strange, mumbled words.
A puff of flame appears from out of thin air!
The puff of flame hits you! You block something's attack.
You closely miss something.
You hear a zap.
A puff of flame appears from out of thin air!
The puff of flame hits you. Something hits you!
You feel very mighty all of a sudden.
You hear some strange, mumbled words.
A puff of flame appears from out of thin air!
The puff of flame hits you.
You closely miss something. Something hits you!
* * * LOW HITPOINT WARNING * * *
You closely miss something. You block something's attack.
A giant cockroach comes into view.
You barely miss something. Something hits you!
You die...

##>##.#..###.#
##.#..#...# #.#
###.##.###..# #.#
...##.## ##.###.#
###.## ##......#
#.# #.B.....#
#####.)#.###....##
.......###.......#
#####.## #.#####@#
## #. #{# .####.##
# #.# ........ #.#
.†...... #<#
######.. ((# # ###


You could see a giant cockroach (wandering).

Vanquished Creatures
  A dart slug (D:2)
  4 bats
  2 endoplasms (D:2)
  3 giant cockroaches
  7 hobgoblins
  3 kobolds (D:1)
  2 quokkas
  A ball python (D:1)
  A frilled lizard (D:1)
  2 goblins (D:1)
  6 rats
32 creatures vanquished.

Notes
Turn   | Place    | Note
-------+----------+-------------------------------------------
     0 | D:1      | benadryl the Troll Fighter began the quest for the Orb.
     0 | D:1      | Reached XP level 1. HP: 22/22 MP: 0/0
   104 | D:1      | Reached XP level 2. HP: 26/29 MP: 1/1
  1134 | D:2      | Reached XP level 3. HP: 36/36 MP: 2/2
  1251 | D:2      | Reached skill level 1 in Armour
  1441 | D:2      | Noticed Sigmund
  1451 | D:2      | Slain by Sigmund

Illustrated notes

Levels and vault maps discovered:
D:1:      dpeg_arrival_court, layout_basic, serial_co_window_serial,
          co_window_paths_a, co_window_corner_a, co_window_paths_b,
          co_window_of_opportunity_a, co_window_paths_a, co_window_paths_b,
          co_window_unsneaky_path_a, co_window_broadway_a, co_window_paths_c,
          co_window_2corner, glass_columns_c, glass_columns_b, glass_columns_a,
          glass_columns_b, glass_columns_b
D:2:      layout_loops_ring, uniq_terence, uniq_sigmund, uniq_natasha

Skill      XL: |  1  2  3 |
---------------+----------+-----
Armour         | 1 |  1.0
Fighting       | |  2.7
Throwing       | |  0.4
Dodging        | |  2.4
Shields        | |  2.4
Unarmed Combat | |  2.9

Action                   || total
-------------------------++-------
Melee: Unarmed           ||    92
Throw: Javelin           ||     4
  Use: Potion            ||     1
 Stab: Sleeping          ||     1
Armor: Robe              ||    43
Dodge: Dodged            ||    29
Block: Kite shield       ||    58

Table legend: (Time is in decaauts)
 A = Elapsed time spent in this place.
 B = Non-inter-level travel time spent in this place.
 C = Inter-level travel time spent in this place.
 D = Time resting spent in this place.
 E = Time spent auto-exploring this place.
 F = Levels seen in this place.
 G = Mean time per level.
                   A        B        C        D        E       F      G
               +--------+--------+--------+--------+--------+-----+--------+
         Total |   1469 |   1343 |    126 |      0 |   1110 |   2 |  734.5 |
       Dungeon |   1469 |   1343 |    126 |      0 |   1110 |   2 |  734.5 |
               +--------+--------+--------+--------+--------+-----+--------+

Top non-repeatable levels by time:
     D:1: 1111 daAuts
     D:2: 357 daAuts
